 Dungeon Crawl Stone Soup version 0.24.0-7-gb3623d2c88 (webtiles) character file.

Game seed: 4655078336394230034, levelgen mode: deterministic

1815 Granthy the Charmwright (level 9, -15/69 HPs)
             Began as a Gnoll Skald on Nov 2, 2019.
             Was a Follower of Ashenzari.
             Killed from afar by Erica (31 damage)
             ... with a bolt of poison
             ... on level 8 of the Dungeon.
             The game lasted 00:18:11 (8185 turns).

Granthy the Charmwright (Gnoll Skald)               Turns: 8185, Time: 00:18:13

Health: -15/69     AC:  4    Str: 13    XL:     9   Next: 10%
Magic:  18/27      EV: 15    Int: 18    God:    Ashenzari [*.....]
Gold:   420        SH:  0    Dex: 16    Spells: 14/20 levels left

rFire    . . .     SeeInvis .   G - +0 trident
rCold    . . .     Gourm    .   (no shield)
rNeg     . . .     Faith    .   b - +0 leather armour
rPois    .         Spirit   .   (no helmet)
rElec    .         Reflect  .   (no cloak)
rCorr    .         Harm     .   (no gloves)
MR       .....                  K - +0 pair of boots
Stlth    ++........             (no amulet)
HPRegen  0.21/turn              C - ring of magical power
MPRegen  0.20/turn              (no ring)

@: lethally poisoned (-15 -> -22), slowed, lightly drained, very slow
A: distributed training, fangs 1, strong nose
a: Curse Item, Scrying, Renounce Religion


You were on level 8 of the Dungeon.
You worshipped Ashenzari.
Ashenzari was aware of your devotion.
You were very hungry.

You visited 2 branches of the dungeon, and saw 9 of its levels.

You collected 420 gold pieces.

Inventory:

Hand Weapons
 a - a +0 spear
 A - a +0 halberd
 F - the cursed +0 dagger of Lishroo {speed, MR++}
   (You found it on level 5 of the Dungeon)

   Attacks with this weapon are significantly faster.
   It affects your resistance to hostile enchantments.
   It has a curse placed upon it.
 G - a +0 trident (weapon)
 J - a +0 hunting sling of flaming
Missiles
 q - 47 arrows
 s - 114 stones
 w - 24 poisoned darts
 x - 8 javelins (quivered)
Armour
 b - a +0 leather armour (worn)
 n - a +0 large shield
 v - a +0 buckler
 K - a +0 pair of boots (worn)
Jewellery
 p - an uncursed ring of positive energy
 r - an uncursed amulet of guardian spirit
 C - a ring of magical power (left hand)
Wands
 f - a wand of enslavement (6)
 y - a wand of iceblast (24)
Scrolls
 e - 2 scrolls of remove curse
 h - a scroll of enchant armour {unknown}
 o - 4 scrolls of noise
 t - 3 scrolls of amnesia
 u - 4 scrolls of teleportation
 B - a scroll of fog {unknown}
 E - 2 scrolls of magic mapping {unknown}
 I - a scroll of blinking {unknown}
 N - a scroll of random uselessness {unknown}
Potions
 c - a potion of resistance
 i - a potion of mutation {unknown}
 j - 7 potions of curing
 k - a potion of invisibility {unknown}
 l - a potion of haste {unknown}
 m - a potion of degeneration {unknown}
 D - a potion of agility {unknown}
 H - 3 potions of lignification
 L - a potion of flight {unknown}
Comestibles
 d - 8 rations


   Skills:
 + Level 6.0(5.6) Fighting
 + Level 3.8(3.4) Short Blades
 + Level 3.8(3.4) Long Blades
 + Level 3.8(3.4) Axes
 + Level 3.8(3.4) Maces & Flails
 + Level 6.0(5.6) Polearms
 + Level 3.8(3.4) Staves
 + Level 3.8(3.4) Slings
 + Level 3.8(3.4) Bows
 + Level 3.8(3.4) Crossbows
 + Level 3.8(3.4) Throwing
 + Level 4.7(4.3) Armour
 + Level 6.0(5.6) Dodging
 + Level 3.8(3.4) Stealth
 + Level 3.8(3.4) Shields
 + Level 3.8(3.4) Unarmed Combat
 + Level 6.3(6.0) Spellcasting
 + Level 3.1(2.8) Conjurations
 + Level 3.1(2.8) Hexes
 + Level 6.3(6.0) Charms
 + Level 3.1(2.8) Summonings
 + Level 3.1(2.8) Necromancy
 + Level 3.1(2.8) Translocations
 + Level 3.1(2.8) Transmutations
 + Level 3.1(2.8) Fire Magic
 + Level 3.1(2.8) Ice Magic
 + Level 3.1(2.8) Air Magic
 + Level 3.1(2.8) Earth Magic
 + Level 3.1(2.8) Poison Magic
 + Level 4.2(3.8) Invocations
 + Level 3.8(3.4) Evocations


You had 14 spell levels left.
You knew the following spells:

 Your Spells              Type           Power        Failure   Level  Hunger
a - Infusion              Chrm           ####         1%          1    None
b - Song of Slaying       Chrm           ####....     1%          2    None
c - Spectral Weapon       Hex/Chrm       ###.....     8%          3    ##.....

Your spell library contained the following spells:

 Spells                   Type           Power        Failure   Level  Hunger
 Shroud of Golubria       Chrm/Tloc      ###...       3%          2    None
 Regeneration             Chrm/Necr      ###.......   8%          3    ##.....


Dungeon Overview and Level Annotations

Branches:
Dungeon (8/15)             Temple (1/1) D:5
   Lair: D:8-11

Altars:
Ashenzari
Cheibriados
Dithmenos
Elyvilon
Fedhas
Gozag
Hepliaklqana
Kikubaaqudgha
Makhleb
Nemelex Xobeh
Okawaru
Qazlal
Ru
Sif Muna
Trog
Uskayaw
Vehumet
Wu Jian
Xom
Yredelemnul
Zin
The Shining One

Shops:
D:7 =   D:8 =

Annotations:
D:8 Erica


Innate Abilities, Weirdness & Mutations

Your experience applies equally to all skills.
You have very sharp teeth.
Your uncanny sense of smell can sniff out nearby items.


Message History

You hear some strange, mumbled words.
You feel yourself slow down.
Your leather armour prevents you from hitting something.
You hear some strange, mumbled words.
An orb of energy appears from out of thin air!
The orb of energy hits you!!
* * * LOW HITPOINT WARNING * * *
The orb of energy explodes!
Something hits you.
* * * LOW HITPOINT WARNING * * *
Something burns you.
* * * LOW HITPOINT WARNING * * *
You hear a shout!
Casting: Spectral Weapon (safe; 8% risk of failure)
Confirm with . or Enter, or press ? or * to list all spells.
You draw out your weapon's spirit!
You hear some strange, mumbled words.
A bolt of poison appears from out of thin air!
The bolt of poison hits you!!
You are poisoned.
You die...

........>##.. ..#
............###.#######
.......................
.......>...#...)....# .
..............∩.....#..
..........<#...<.......
.......................
...........#........#..
.........@{.........# .
...#...)..##).......#
## #.#..(.#######......
.....#... .###..
..#.......# ## ..
.....###... .... ###..
... ..


You could see a friendly spectral +0 trident.

Vanquished Creatures
  An orc warrior (D:7)
  2 ice beasts (D:7)
  A sky beast (D:7)
  3 phantoms
  3 ogres
  5 wights (D:7)
  A howler monkey (D:5)
  3 crimson imps
  2 orc priests (D:7)
  2 orc wizards
  A bullfrog skeleton (D:7)
  An iguana (D:7)
  4 worker ants
  A killer bee zombie (D:6)
  12 adders
  6 gnolls (D:4)
  An adder skeleton (D:6)
  4 worms
  3 dart slugs
  7 leopard geckos
  11 orcs
  2 ball pythons
  5 giant cockroaches
  11 goblins
  6 hobgoblins
  A jackal (D:4)
  7 kobolds
  5 quokkas
  A ball python skeleton (D:6)
  9 bats
  5 frilled lizards
  A leopard gecko skeleton (D:5)
  A quokka skeleton (D:4)
  8 rats
136 creatures vanquished.

Vanquished Creatures (others)
  3 spectral weapons
3 creatures vanquished.

Grand Total: 139 creatures vanquished

Notes
Turn   | Place    | Note
-------+----------+-------------------------------------------
     0 | D:1      | Granthy the Gnoll Skald began the quest for the Orb.
     0 | D:1      | Reached XP level 1. HP: 20/20 MP: 6/6
   247 | D:1      | Reached XP level 2. HP: 24/26 MP: 7/7
   552 | D:1      | Reached XP level 3. HP: 28/31 MP: 9/9
   792 | D:1      | Learned a level 2 spell: Song of Slaying
   796 | D:1      | Learned a level 3 spell: Spectral Weapon
   856 | D:2      | Reached skill level 5 in Spellcasting
   980 | D:2      | Reached skill level 1 in Invocations
  1337 | D:2      | Reached skill level 1 in Short Blades
  1337 | D:2      | Reached skill level 1 in Long Blades
  1337 | D:2      | Reached skill level 1 in Axes
  1337 | D:2      | Reached skill level 1 in Maces & Flails
  1337 | D:2      | Reached skill level 1 in Staves
  1337 | D:2      | Reached skill level 1 in Slings
  1337 | D:2      | Reached skill level 1 in Bows
  1337 | D:2      | Reached skill level 1 in Crossbows
  1337 | D:2      | Reached skill level 1 in Throwing
  1337 | D:2      | Reached skill level 1 in Stealth
  1337 | D:2      | Reached skill level 1 in Shields
  1337 | D:2      | Reached skill level 1 in Unarmed Combat
  1337 | D:2      | Reached skill level 1 in Evocations
  1351 | D:2      | Reached XP level 4. HP: 35/38 MP: 1/11
  1745 | D:2      | Found a radiant altar of Vehumet.
  2301 | D:3      | Reached skill level 1 in Conjurations
  2301 | D:3      | Reached skill level 1 in Hexes
  2301 | D:3      | Reached skill level 1 in Summonings
  2301 | D:3      | Reached skill level 1 in Necromancy
  2301 | D:3      | Reached skill level 1 in Translocations
  2301 | D:3      | Reached skill level 1 in Transmutations
  2301 | D:3      | Reached skill level 1 in Fire Magic
  2301 | D:3      | Reached skill level 1 in Ice Magic
  2301 | D:3      | Reached skill level 1 in Air Magic
  2301 | D:3      | Reached skill level 1 in Earth Magic
  2301 | D:3      | Reached skill level 1 in Poison Magic
  2782 | D:3      | Reached XP level 5. HP: 42/43 MP: 1/12
  3775 | D:4      | Noticed an ogre
  3792 | D:4      | Killed an ogre
  3792 | D:4      | Reached XP level 6. HP: 40/50 MP: 0/14
  3974 | D:4      | Reached skill level 5 in Fighting
  3974 | D:4      | Reached skill level 5 in Polearms
  3974 | D:4      | Reached skill level 5 in Dodging
  4208 | D:4      | Noticed a phantom
  4232 | D:5      | Entered Level 5 of the Dungeon
  4766 | D:4      | Killed a phantom
  4766 | D:4      | Reached XP level 7. HP: 40/56 MP: 4/15
  4875 | D:5      | Found a staircase to the Ecumenical Temple.
  4888 | Temple   | Entered the Ecumenical Temple
  5286 | Temple   | Became a worshipper of Ashenzari the Shackled
  5551 | D:5      | Got the cursed dagger of Lishroo {speed, MR++}
  5946 | D:6      | Found a stormy altar of Qazlal.
  6163 | D:6      | Reached XP level 8. HP: 56/63 MP: 16/16
  6475 | D:6      | Found a shimmering blue altar of Sif Muna.
  6475 | D:6      | Found an iron altar of Okawaru.
  6618 | D:7      | Reached * piety under Ashenzari
  7259 | D:8      | Found Ylimm's Jewellery Shop.
  7766 | D:7      | Reached XP level 9. HP: 67/69 MP: 18/18
  8169 | D:8      | Noticed Erica
  8185 | D:8      | Killed from afar by Erica

Levels and vault maps discovered:
D:1:      minmay_arrival_nine_rooms, layout_basic, minmay_octomino_j4
D:2:      layout_basic, fiery_altar_vehumet
D:3:      kennysheep_big_flooded_room, layout_loops_corners, first_ration,
          hangedman_decor_growths, grunt_ministairs_11,
          ebering_dispersal_statue_hall, minmay_misc_feat_diagonals
D:4:      layout_gridville, minmay_pentomino_pile
D:5:      layout_basic, minmay_temple_entry_mini_moons
D:6:      layout_loops_ring, kennysheep_little_box,
          gammafunk_temple_overflow_elements, kennysheep_generic_room_16
D:7:      layout_cave_pools, kennysheep_boxes
D:8:      layout_rooms, serial_shops, shop, grunt_ogre_cave,
          hangedman_abyss_or_decor_clamps, uniq_erica, uniq_prince_ribbit1,
          uniq_harold
Temple:   hc_temple_tempest_star

Skill      XL: |  1  2  3  4  5  6  7  8  9 |
---------------+----------------------------+-----
Spellcasting   | 5 6 |  6.3
Invocations    | 1 2 3 4 |  4.2
Short Blades   | 1 2 3 |  3.8
Long Blades    | 1 2 3 |  3.8
Axes           | 1 2 3 |  3.8
Maces & Flails | 1 2 3 |  3.8
Staves         | 1 2 3 |  3.8
Slings         | 1 2 3 |  3.8
Bows           | 1 2 3 |  3.8
Crossbows      | 1 2 3 |  3.8
Throwing       | 1 2 3 |  3.8
Stealth        | 1 2 3 |  3.8
Shields        | 1 2 3 |  3.8
Unarmed Combat | 1 2 3 |  3.8
Evocations     | 1 2 3 |  3.8
Conjurations   | 1 2 3 |  3.1
Hexes          | 1 2 3 |  3.1
Summonings     | 1 2 3 |  3.1
Necromancy     | 1 2 3 |  3.1
Translocations | 1 2 3 |  3.1
Transmutations | 1 2 3 |  3.1
Fire Magic     | 1 2 3 |  3.1
Ice Magic      | 1 2 3 |  3.1
Air Magic      | 1 2 3 |  3.1
Earth Magic    | 1 2 3 |  3.1
Poison Magic   | 1 2 3 |  3.1
Armour         | 3 4 |  4.7
Fighting       | 5 6 |  6.0
Polearms       | 5 6 |  6.0
Dodging        | 5 6 |  6.0
Charms         | 6 |  6.3

Action                   |  1- 3 |  4- 6 |  7- 9 || total
-------------------------+-------+-------+-------++-------
Melee: Spear             |   137 |   139 |   126 ||   402
       Bite              |     9 |     8 |    20 ||    37
       Punch             |       |     2 |       ||     2
       Trident           |       |       |   111 ||   111
 Cast: Infusion          |     3 |    16 |    15 ||    34
       Song of Slaying   |     3 |    11 |     5 ||    19
       Spectral Weapon   |     1 |    10 |    19 ||    30
  Use: Scroll            |       |       |     9 ||     9
       Potion            |       |       |     3 ||     3
 Stab: Sleeping          |     1 |     3 |     1 ||     5
  Eat: Chunk             |     1 |    12 |     4 ||    17
       Ration            |       |       |     2 ||     2
Armor: Leather armour    |    16 |    18 |    29 ||    63
Dodge: Dodged            |    85 |    65 |   141 ||   291
